 Dungeon Crawl Stone Soup version 0.28.0-62-gf88900778d (webtiles) character file.

Game seed: 13888141404181811152

121 cbfl8 the Chopper (level 5, -1/46 HPs)
             Began as a Hill Orc Fighter on May 30, 2023.
             Was an Initiate of Beogh.
             Slain by an ogre
             ... wielding a +0 giant club
              (7 damage)
             ... on level 2 of the Dungeon.
             The game lasted 00:03:17 (2159 turns).

cbfl8 the Chopper (Hill Orc Fighter)                Turns: 2159, Time: 00:03:18

Health: -1/46      AC: 10    Str: 17 (19) XL:     5   Next: 5%
Magic:  5/5        EV:  6    Int:  6 (8)  God:    Beogh [......]
Gold:   126        SH:  4    Dex:  9 (12) Spells: 4/4 levels left

rFire   . . .      SeeInvis .   a - +1 war axe
rCold   . . .      Faith    .   c - +0 buckler
rNeg    . . .      Spirit   .   g - +0 chain mail
rPois   .          Reflect  .   j - +0 helmet
rElec   .          Harm     .   (no cloak)
rCorr   .          Rampage  .   (no gloves)
Will    .....                   (no boots)
Stlth   ..........              (no amulet)
HPRegen 0.15/turn               (no ring)
MPRegen 0.09/turn               (no ring)

@: no status effects
A: no striking features
a: Renounce Religion


You were on level 2 of the Dungeon.
You worshipped Beogh.
Beogh was noncommittal.
You visited 1 branch of the dungeon, and saw 3 of its levels.

You collected 126 gold pieces.

Inventory:

Hand Weapons
 a - a +1 war axe (weapon)
Armour
 c - a +0 buckler (worn)
 g - a +0 chain mail (worn)
 j - a +0 helmet (worn)
Scrolls
 e - 6 scrolls of identify {unknown}
 i - a scroll of teleportation {unknown}
 l - a scroll of vulnerability {unknown}


   Skills:
 + Level 4.0 Fighting
 + Level 4.4 Axes
 + Level 3.9 Armour
 + Level 0.1 Dodging
 + Level 3.5 Shields
 * Level 2.2 Evocations


You had 4 spell levels left.
You didn't know any spells.
Your spell library contained the following spells:

 Spells                   Type           Power      Damage    Failure   Level
 Summon Small Mammal      Summ           0%         N/A       100%        1
 Ensorcelled Hibernation  Hex/Ice        0%         N/A       100%        2
 Static Discharge         Conj/Air       0%         N/A       100%        2
 Call Canine Familiar     Summ           0%         N/A       100%        3
 Spider Form              Tmut/Pois      0%         N/A       100%        3
 Summon Guardian Golem    Hex/Summ       0%         N/A       100%        3
 Anguish                  Hex/Necr       0%         N/A       100%        4
 Dispel Undead            Necr           0%         3d6       100%        4
 Sticky Flame             Conj/Fire      0%         2d3       100%        4


Dungeon Overview and Level Annotations

Branches:
Dungeon (3/15)

Altars:
Ashenzari


Message History

You closely miss the quokka. The quokka bites you.
You block the quokka's attack.
There are monsters nearby!
You slash the quokka!
You kill the quokka!
Beogh accepts your kill.
An adder comes into view.
There is a stone staircase leading up here.
You climb upwards.
There is a stone staircase leading down here.
Okay, then.
Unknown command.
You feel very mighty all of a sudden.
The ogre hits you with a +0 giant club!!
Ouch! That really hurt!
You barely miss the ogre. The ogre hits you with a +0 giant club!
You slash the ogre!
The ogre is moderately wounded.
The ogre hits you with a +0 giant club!
* * * LOW HITPOINT WARNING * * *
You hit the ogre.
The ogre is heavily wounded.
The ogre hits you with a +0 giant club.
* * * LOW HITPOINT WARNING * * *
It was a potion of degeneration.
There was something very wrong with that liquid.
You feel weakened.
You feel dopey.
You feel clumsy. The ogre hits you but does no damage.
It was a potion of cancellation.
Your magical effects are unravelling.
You feel magically purged.
You feel a little less mighty now. The ogre completely misses you.
As you read the scroll labelled NUVUADOLOY, it crumbles to dust.
It is a scroll of enchant weapon.
Your +0 war axe glows red for a moment.
As you read the scroll labelled YZANETW TOGYCO, it crumbles to dust.
You feel momentarily disoriented.
It was a scroll of magic mapping.
The ogre hits you with a +0 giant club!
You die...

######## ##......##
##........## #..........#
#..........# ########
#..........# #......#
#.........@# #....<.#
#.........O# #......#
##........## #......#
#..........#########......#
#....................#...##
#..........#########.#.....
#.........###.o......#.o...
#.........##.........#.....
##........#................


You could see an ogre.

Vanquished Creatures
  Robin (D:1)
  2 adders (D:3)
  2 dart slugs
  7 ball pythons
  8 bats
  4 endoplasms
  2 giant cockroaches
  23 goblins
  9 hobgoblins
  6 jackals
  A quokka (D:3)
  2 frilled lizards (D:2)
  4 kobolds
  5 rats
76 creatures vanquished.

Vanquished Creatures (others)
  A worm (D:2)
  2 plants (D:3)
3 creatures vanquished.

Grand Total: 79 creatures vanquished

Notes
Turn   | Place    | Note
-------+----------+-------------------------------------------
     0 | D:1      | cbfl8 the Hill Orc Fighter began the quest for the Orb.
     0 | D:1      | Reached XP level 1. HP: 19/19 MP: 1/1
    93 | D:1      | Reached XP level 2. HP: 27/27 MP: 2/2
    94 | D:1      | Reached skill level 1 in Evocations
   346 | D:1      | Reached XP level 3. HP: 33/33 MP: 3/3
   486 | D:1      | Found a faded altar of an unknown god.
   853 | D:2      | Noticed Robin
   966 | D:1      | Killed Robin
   967 | D:1      | Reached XP level 4. HP: 15/40 MP: 4/4
  1393 | D:2      | Became a worshipper of Beogh the Brigand
  1867 | D:3      | Found a broken altar of Ashenzari.
  2103 | D:3      | Reached XP level 5. HP: 42/46 MP: 5/5
  2143 | D:3      | Noticed an ogre
  2159 | D:2      | Slain by an ogre

Illustrated notes

Levels and vault maps discovered:
D:1:      dpeg_arrival_tiny_b, layout_basic, chequers_ecumenical_altar_island,
          hangedman_feature_mirror, grunt_decor_cap, grunt_decor_arrowhead
D:2:      cheibrodos_pilgrimage, layout_rooms, minmay_split_cup_large,
          uniq_robin
D:3:      kennysheep_the_goblin_king, layout_rooms, cheibrodos_ashenzari_chains,
          serial_bayou_crossing

Skill      XL: |  1  2  3  4 |
---------------+-------------+-----
Evocations     | 1 2 |  2.2
Axes           | 3 4 |  4.4
Fighting       | 4 |  4.0
Armour         | |  3.9
Dodging        | |  0.1
Shields        | |  3.5

Action                   |  1- 3 |  4- 6 || total
-------------------------+-------+-------++-------
Melee: War axe           |    90 |    76 ||   166
Invok: Convert to Beogh  |       |     1 ||     1
  Use: Potion            |       |     3 ||     3
       Scroll            |       |     2 ||     2
Armor: Scale mail        |    38 |       ||    38
       Chain mail        |    28 |    51 ||    79
Dodge: Dodged            |    62 |    28 ||    90
Block: Buckler           |    25 |    25 ||    50
